 Dungeon Crawl Stone Soup version 0.28.0-49-g6dfe1f597d (webtiles) character file.

Game seed: 1775484403467088948

150 Exodus22XD the Poker (level 5, -5/39 HPs)
             Began as a Demonspawn Gladiator on May 15, 2022.
             Slain by a river rat (8 damage)
             ... in a sewer.
             The game lasted 00:02:00 (2606 turns).

Exodus22XD the Poker (Demonspawn Gladiator)         Turns: 2606, Time: 00:02:07

Health: -5/39      AC:  3    Str: 16    XL:     5   Next: 10%
Magic:  0/5        EV: 13    Int:  9    God:
Gold:   75         SH:  0    Dex: 15    Spells: 4/4 levels left

rFire   . . .      SeeInvis .   a - +0 trident
rCold   . . .      Faith    .   (no shield)
rNeg    . . .      Spirit   +   b - +0 leather armour
rPois   .          Reflect  .   (helmet restricted)
rElec   .          Harm     .   (no cloak)
rCorr   .          Rampage  .   (no gloves)
Will    .....                   (no boots)
Stlth   ++........              (no amulet)
HPRegen 0.13/turn               (no ring)
MPRegen 0.18/turn               (no ring)

@: unable to read
A: horns 1, magic shield, magic regeneration, sense surroundings 1, wild magic
1, inability to read while threatened
a: no special abilities


You were in a sewer.
You visited 1 branch of the dungeon, and saw 3 of its levels.
You also visited: Sewer.

You collected 75 gold pieces.

Inventory:

Hand Weapons
 a - a +0 trident (weapon)
Missiles
 d - 3 throwing nets (quivered)
Armour
 b - a +0 leather armour (worn)
 c - a +0 helmet
Scrolls
 e - a scroll of immolation {unknown}
 g - a scroll of vulnerability {unknown}
 h - a scroll of teleportation {unknown}
 i - 3 scrolls of identify {unknown}
 j - a scroll of fog {unknown}
 k - 2 scrolls of acquirement {unknown}
Potions
 f - 2 potions of might
 l - a potion of mutation
 m - a potion of heal wounds {unknown}


   Skills:
 + Level 2.5 Fighting
 + Level 4.0 Polearms
 + Level 1.8 Throwing
 + Level 1.2 Armour
 + Level 3.4 Dodging
 + Level 1.1 Stealth


You had 4 spell levels left.
You didn't know any spells.
Your spell library was empty.

Dungeon Overview and Level Annotations

Branches:
Dungeon (3/15)              Sewer (1/1)

Altars:

Shops:
D:1 *


Innate Abilities, Weirdness & Mutations

You have a pair of small horns on your head.
When hurt, damage is shared between your health and your magic reserves.
You regenerate magic rapidly.
You passively map a small area around you.
Your spells are a little harder to cast, but a little more powerful.
You sometimes lose the ability to read scrolls when taking damage.


Message History

The river rat bites you! The rat bites you but does no damage.
You hit the adder but do no damage.
The adder is almost dead.
You feel sick.
You are no longer poisoned.
The adder bites you. The rat bites you but does no damage.
The river rat closely misses you. The adder closely misses you.
The rat bites you but does no damage. x2
You closely miss the adder.
The adder is almost dead.
The adder misses you. The river rat misses you.
The rat bites you but does no damage. x2
You closely miss the adder. You headbutt the adder.
You kill the adder!
The river rat bites you!
* * * LOW HITPOINT WARNING * * *
The rat completely misses you. The rat closely misses you.
The river rat bites you.
* * * LOW HITPOINT WARNING * * *
You see here an adder corpse.
You barely miss the river rat. You headbutt the river rat.
The river rat is heavily wounded.
The river rat bites you.
* * * LOW HITPOINT WARNING * * *
You barely miss the river rat.
The river rat is heavily wounded.
The river rat bites you.
* * * LOW HITPOINT WARNING * * *
The rat misses you. The rat bites you but does no damage.
You barely miss the river rat.
The river rat is heavily wounded.
The river rat bites you. The rat completely misses you.
The rat closely misses you.
It was a potion of mutation.
You feel extremely strange.
You feel less in control of your magic.
You lose the ability to read scrolls when threatened.
You feel a strange attunement to the structure of the dungeons.
The river rat bites you!
You feel threatened and lose the ability to read scrolls!
You die...

##....≈≈≈≈≈.......##
#.....≈≈≈≈≈÷...#. .#
##......≈≈≈≈÷≈.## ..#
#..#...≈≈≈≈≈≈≈.###..#
#.###..≈≈≈≈≈≈≈...#..#
#∩###...≈≈≈≈≈.......#
####....≈≈≈≈≈......##
##...≈≈≈≈≈≈#.r..##
#.....≈≈≈≈≈##@r.#
##.....≈≈≈≈≈≈##r.#
#....≈≈≈≈≈≈≈≈##..#
#.....≈≈≈≈≈≈≈#....#
#.....≈≈≈≈≈≈≈≈....#
##....≈≈≈≈≈≈≈......
#....≈≈≈≈≈≈≈≈.≈...#
#...≈≈≈≈≈≈≈≈ ....#
##...≈≈≈≈≈≈


You could see a river rat and 2 rats.

Vanquished Creatures
  Terence (D:2)
  3 adders (Sewer)
  3 river rats (Sewer)
  2 worms
  3 dart slugs (D:1)
  9 ball pythons
  4 bats
  7 endoplasms
  3 giant cockroaches (D:1)
  A goblin (D:1)
  3 hobgoblins
  9 kobolds
  A quokka (D:2)
  A frilled lizard (Sewer)
  15 rats
65 creatures vanquished.

Notes
Turn   | Place    | Note
-------+----------+-------------------------------------------
     0 | D:1      | Exodus22XD the Demonspawn Gladiator began the quest for the
                  | Orb.
     0 | D:1      | Reached XP level 1. HP: 16/16 MP: 1/1
   242 | D:1      | Gained mutation: You regenerate magic rapidly. [demonic
                  | ancestry]
   242 | D:1      | Reached XP level 2. HP: 19/22 MP: 2/2
   292 | D:1      | Reached skill level 3 in Polearms
   334 | D:1      | Found a faded altar of an unknown god.
   362 | D:1      | Found Haybu's Assorted Antiques.
   816 | D:1      | Reached XP level 3. HP: 27/27 MP: 3/3
  1463 | D:2      | Noticed Terence
  1476 | D:2      | Killed Terence
  1477 | D:2      | Gained mutation: When hurt, damage is shared between your
                  | health and your magic reserves. [demonic ancestry]
  1477 | D:2      | Reached XP level 4. HP: 18/34 MP: 4/4
  1796 | D:3      | Found a glowing drain.
  1813 | D:3      | Reached skill level 1 in Stealth
  1818 | Sewer    | Entered a sewer
  2345 | Sewer    | Reached skill level 1 in Armour
  2350 | Sewer    | Reached skill level 4 in Polearms
  2350 | Sewer    | Gained mutation: You have a pair of small horns on your
                  | head. [demonic ancestry]
  2350 | Sewer    | Reached XP level 5. HP: 9/39 MP: 3/5
  2606 | Sewer    | Gained mutation: Your spells are a little harder to cast,
                  | but a little more powerful. [potion of mutation]
  2606 | Sewer    | Gained mutation: You sometimes lose the ability to read
                  | scrolls when taking damage. [potion of mutation]
  2606 | Sewer    | Gained mutation: You passively map a small area around you.
                  | [potion of mutation]
  2606 | Sewer    | Slain by a river rat

Illustrated notes

Levels and vault maps discovered:
D:1:      heliophobic_arrival_ceremonial_halls, layout_basic,
          basic_ecumenical_altar, serial_shops, nicolae_shop_statue_plus,
          minivault_4, minmay_octomino_j4
D:2:      layout_basic, minmay_misc_feat_square, kennysheep_nub, uniq_terence
D:3:      layout_basic, cheibrodos_sewer_entry_drain
Sewer:    sewer_minmay_treatment

Skill      XL: |  1  2  3  4 |
---------------+-------------+-----
Polearms       | 3 4 |  4.0
Dodging        | 3 |  3.4
Stealth        | 1 |  1.1
Armour         | 1 |  1.2
Fighting       | |  2.5
Throwing       | |  1.8

Action                   |  1- 3 |  4- 6 || total
-------------------------+-------+-------++-------
Melee: Trident           |    81 |   108 ||   189
       Headbutt          |       |     4 ||     4
  Use: Potion            |       |     2 ||     2
 Stab: Sleeping          |     6 |     1 ||     7
       Distracted        |     1 |       ||     1
Armor: Leather armour    |    12 |    60 ||    72
Dodge: Dodged            |    52 |   169 ||   221
